 Dungeon Crawl Stone Soup version 0.26-a0-652-gafc20e3620 (webtiles) character file.

Game seed: 723907149551625715

173 ringo67 the Insei (level 5, -2/35 HPs)
             Began as an Octopode Transmuter on Oct 4, 2020.
             Slain by an orc
             ... wielding a +0 dagger
              (3 damage)
             ... on level 3 of the Dungeon.
             The game lasted 00:04:36 (3242 turns).

ringo67 the Insei (Octopode Transmuter)             Turns: 3242, Time: 00:04:36

Health: -2/35      AC:  1    Str: 11    XL:     5   Next: 53%
Magic:  8/8        EV: 13    Int: 15    God:
Gold:   177        SH:  0    Dex: 12    Spells: 7/8 levels left

rFire    . . .     SeeInvis .     - Unarmed
rCold    . . .     Faith    .   (no shield)
rNeg     . . .     Spirit   .   (helmet restricted)
rPois    .         Reflect  .   (no amulet)
rElec    .         Harm     .   (no ring)
rCorr    .         Rampage  .   (no ring)
MR       .....                  (no ring)
Stlth    ++........             (no ring)
HPRegen  0.11/turn              (no ring)
MPRegen  0.11/turn              (no ring)
                                (no ring)
                                (no ring)

@: slowed, very slow
A: almost no armour, stealthy swim, amphibious, 8 rings, constrict 8, camouflage
1, gelatinous body 1
a: no special abilities


You were on level 3 of the Dungeon.
You visited 1 branch of the dungeon, and saw 3 of its levels.

You collected 177 gold pieces.

Inventory:

Missiles
 o - 4 poisoned darts (quivered)
Scrolls
 a - a scroll of teleportation {unknown}
 b - a scroll of blinking {unknown}
 d - a scroll of random uselessness {unknown}
 f - 2 scrolls of remove curse {unknown}
 g - a scroll of amnesia {unknown}
 h - 2 scrolls of magic mapping {unknown}
 j - a scroll of fog {unknown}
 p - 2 scrolls of immolation {unknown}
Potions
 c - a potion of heal wounds {unknown}
 e - a potion of berserk rage {unknown}
 i - a potion of degeneration {unknown}
 k - a potion of lignification {unknown}
 l - a potion of ambrosia {unknown}
 m - a potion of flight {unknown}
 n - a potion of stabbing {unknown}


   Skills:
 + Level 2.6 Fighting
 - Level 2.0 Dodging
 * Level 4.8 Unarmed Combat
 - Level 2.0 Spellcasting
 + Level 3.1 Transmutations


You had 7 spell levels left.
You knew the following spells:

 Your Spells              Type           Power        Failure   Level
a - Beastly Appendage     Tmut           ##....       6%          1

Your spell library contained the following spells:

 Spells                   Type           Power        Failure   Level
 Wereblood                Tmut           ##......     9%          2
 Spider Form              Tmut/Pois      #.........   34%         3
 Ice Form                 Ice/Tmut       #.......     75%         4
 Blade Hands              Tmut           ##........   86%         5


Dungeon Overview and Level Annotations

Branches:
Dungeon (3/15)

Altars:
Okawaru


Innate Abilities, Weirdness & Mutations

You cannot wear most types of armour.
You are very stealthy in the water. (Stealth+)
You are amphibious.
You can wear up to eight rings at the same time.
You can use your tentacles to constrict eight enemies at once.
Your skin changes colour to match your surroundings (Stealth+).
Your rubbery body absorbs attacks. (AC +1, EV +1)


Message History

You tentacle-slap the orc wizard.
The orc wizard is severely wounded.
You constrict the orc wizard.
The orc wizard hits you with a +0 dagger.
* * * LOW HITPOINT WARNING * * *
The orc hits you with a +0 dagger.
* * * LOW HITPOINT WARNING * * *
You tentacle-slap the orc wizard but do no damage.
The orc wizard is almost dead.
You constrict the orc wizard.
You kill the orc wizard!
The orc hits you with a +0 dagger.
* * * LOW HITPOINT WARNING * * *
The orc misses you.
Things that are here:
a +0 dagger; a +0 robe The orc hits you with a +0 dagger.
* * * LOW HITPOINT WARNING * * *
The orc hits you with a +0 dagger.
You die...

###.# #............######
#(# #..#######.###
###(###..# #.#
....(.(..### #.########
.(.....(...# ##÷........
(((()..(.#.####...#######
###.###.##........# ###.#
#.#######...# ..>.#
#)########@## #####
#...÷.)..o.# ############


You could see an orc.

Vanquished Creatures
  An orc wizard (D:3)
  A worker ant zombie (D:3)
  3 gnolls (D:3)
  4 adders
  3 oozes
  A worm (D:3)
  2 dart slugs
  A leopard gecko (D:1)
  2 orcs (D:3)
  2 bats
  2 giant cockroaches
  7 goblins
  5 hobgoblins
  2 jackals (D:1)
  2 quokkas (D:3)
  A ball python (D:3)
  3 frilled lizards
  8 kobolds
  3 rats
53 creatures vanquished.

Notes
Turn   | Place    | Note
-------+----------+-------------------------------------------
     0 | D:1      | ringo67 the Octopode Transmuter began the quest for the
                  | Orb.
     0 | D:1      | Reached XP level 1. HP: 13/13 MP: 3/3
   101 | D:1      | Reached XP level 2. HP: 9/18 MP: 5/5
  1086 | D:1      | Reached XP level 3. HP: 21/23 MP: 6/6
  1143 | D:2      | Found an iron altar of Okawaru.
  1601 | D:3      | Reached skill level 4 in Unarmed Combat
  1601 | D:3      | Reached XP level 4. HP: 22/29 MP: 5/7
  2899 | D:3      | Reached XP level 5. HP: 32/35 MP: 8/8
  3240 | D:3      | HP: 1/35 [orc/+0 dagger (3)]
  3242 | D:3      | Slain by an orc

Illustrated notes

Levels and vault maps discovered:
D:1:      psy_arrival_radial01, layout_rooms, minmay_cut_off
D:2:      layout_rooms, okawaru_ov_weapons_minmay
D:3:      layout_loops_ring

Skill      XL: |  1  2  3  4  5 |
---------------+----------------+-----
Fighting       | 2 |  2.6
Unarmed Combat | 4 |  4.8
Transmutations | 3 |  3.1
Dodging        | |  2.0
Spellcasting   | |  2.0

Action                   |  1- 3 |  4- 6 || total
-------------------------+-------+-------++-------
Melee: Unarmed           |    62 |    68 ||   130
       Constrict         |    15 |    17 ||    32
       Tentacles         |     5 |     9 ||    14
       Punch             |     2 |     1 ||     3
       Kick              |     7 |     3 ||    10
Throw: Dart              |       |    13 ||    13
 Cast: Beastly Appendage |     5 |     7 ||    12
 Stab: Sleeping          |     7 |       ||     7
Armor: Skin              |     5 |     3 ||     8
Dodge: Dodged            |    33 |    36 ||    69

Table legend: (Time is in decaauts)
 A = Elapsed time spent in this place.
 B = Non-inter-level travel time spent in this place.
 C = Inter-level travel time spent in this place.
 D = Time resting spent in this place.
 E = Time spent auto-exploring this place.
 F = Levels seen in this place.
 G = Mean time per level.
                   A        B        C        D        E       F      G
               +--------+--------+--------+--------+--------+-----+--------+
         Total |   3237 |   3197 |     40 |   1132 |   1559 |   3 | 1079.0 |
       Dungeon |   3237 |   3197 |     40 |   1132 |   1559 |   3 | 1079.0 |
               +--------+--------+--------+--------+--------+-----+--------+

Top non-repeatable levels by time:
     D:3: 1376 daAuts
     D:1: 1118 daAuts
     D:2: 742 daAuts
